 Dungeon Crawl Stone Soup version 0.30-a0-556-g0a0f5a245f (webtiles) character file.

Game seed: 18320221535275363403

55 Bnni the Vexing (level 4, 0/31 (33) HPs)
             Began as a Formicid Hexslinger on Dec 27, 2022.
             Succumbed to an adder's poison
             ... on level 2 of the Dungeon.
             The game lasted 00:01:43 (912 turns).

Bnni the Vexing (Formicid Hexslinger)                Turns: 912, Time: 00:01:44

HP:   0/31 (33)     AC:  3    Str: 14    XL:     4   Next: 14%
MP:   5/6           EV: 12    Int: 15    God:
Gold: 51            SH:  0    Dex: 14    Spells: 2/6 levels left

rFire   . . .      SeeInvis +    a - +1 sling
rCold   . . .      Faith    .    (no shield)
rNeg    . . .      Spirit   .    c - +0 robe
rPois   .          Reflect  .    (helmet unavailable)
rElec   .          Harm     .    (no cloak)
rCorr   +          Rampage  .    h - +0 pair of gloves
Will    .....                    (no boots)
Stlth   +                        (no amulet)
HPRegen 0.25/turn                d - ring of resist corrosion
MPRegen 0.10/turn                (no ring)

@: mighty, lethally poisoned (0 -> -4), drained
A: permanent stasis, dig shafts and tunnels, antennae 3, four strong arms
a: Dig, Shaft Self


You were on level 2 of the Dungeon.
You visited 1 branch of the dungeon, and saw 2 of its levels.

You collected 51 gold pieces.

Inventory:

Hand Weapons
 a - a +1 sling (weapon)
Armour
 c - a +0 robe (worn)
 h - a +0 pair of gloves (worn)
Jewellery
 d - a ring of resist corrosion (left hand)
Scrolls
 b - a scroll of poison
 f - a scroll of fog {unknown}
 g - a scroll of torment {unknown}


   Skills:
 + Level 1.7 Fighting
 * Level 2.7 Ranged Weapons
 - Level 1.7 Dodging
 + Level 1.5 Spellcasting
 * Level 4.3 Hexes
 + Level 1.0 Fire Magic


You had 2 spell levels left.
You knew the following spells:

 Your Spells              Type           Power      Damage    Failure   Level
a - Slow                  Hex            56%        N/A       3%          1
b - Inner Flame           Hex/Fire       9%         N/A       24%         3

Your spell library contained the following spells:

 Spells                   Type           Power      Damage    Failure   Level
 Portal Projectile        Hex/Tloc       14%        N/A       28%         3
 Cause Fear               Hex            7%         N/A       36%         4


Dungeon Overview and Level Annotations

Branches:
Dungeon (2/15)

Altars:


Innate Abilities, Weirdness & Mutations

You cannot be hasted, slowed, berserked, paralysed or teleported.
You can dig through walls and to a lower floor.
You have a pair of large antennae on your head. (SInv)
Your four strong arms can wield two-handed weapons with a shield.


Message History

The adder bites you but does no damage. The quokka closely misses you.
The kobold hits you with a +0 dagger. The kobold attacks as you move away!
The kobold hits you but does no damage.
The teleport trap disappears.
The quokka disappears!
The adder bites you. The adder attacks as you move away!
The adder barely misses you. The adder attacks as you move away!
The adder bites you.
You are poisoned.
The adder poisons you!
You feel sick.
Casting: Slow (safe; 3% risk of failure)
Confirm with . or Enter, or press ? or * to list all spells.
Aiming: Slow (safe; 3% risk of failure)
Press: ? - help, Shift-Dir - straight line, f/p - adder
Aim: an adder (lightly wounded, chance to affect: 56%)
Okay, then.
You extend your mandibles.
You dig through the rock wall.
You feel drained. The adder attacks as you move away!
The adder bites you but does no damage.
Found a stone staircase leading down.
You feel sick. The adder bites you.
* * * LOW HITPOINT WARNING * * *
Casting: Slow (safe; 3% risk of failure)
Confirm with . or Enter, or press ? or * to list all spells.
Aiming: Slow (safe; 3% risk of failure)
Press: ? - help, Shift-Dir - straight line, f/p - adder
Aim: an adder (lightly wounded, chance to affect: 56%)
The adder seems to slow down.
You feel sick.
You retract your mandibles.
You shoot a sling bullet.
The sling bullet barely misses the adder.
* * * LOW HITPOINT WARNING * * *
You feel sick. The adder misses you. The adder bites you.
* * * LOW HITPOINT WARNING * * *
You are lethally poisoned!
The adder poisons you!
You shoot a sling bullet.
The sling bullet hits the adder but does no damage.
The adder is lightly wounded.
* * * LOW HITPOINT WARNING * * *
You feel sick. The adder misses you.
It was a potion of might.
You feel very mighty all of a sudden.
You die...

..........# ..#+##..###
..#.#...# ########
....#..### #......#
....#....#####......###.
...<.........+.....>....
......<......#..........
...###.###.#.#..........
...+.........###@#
...###........KS## ...#
#........lK# ...#
#..........# ...
#....<.....#
#.........!.......
#..........###....
#..........# ..
#..........#


You could see an adder (slow), 2 kobolds and a frilled lizard.

Vanquished Creatures
  An adder (D:1)
  4 dart slugs
  2 bats
  6 endoplasms
  4 hobgoblins (D:1)
  6 jackals (D:1)
  3 kobolds (D:1)
  A quokka (D:1)
  3 ball pythons (D:1)
  3 rats
33 creatures vanquished.

Notes
Turn   | Place    | Note
-------+----------+-------------------------------------------
     0 | D:1      | Bnni the Formicid Hexslinger began the quest for the Orb.
     0 | D:1      | Reached XP level 1. HP: 15/15 MP: 2/2
   143 | D:1      | Reached XP level 2. HP: 21/21 MP: 3/3
   164 | D:1      | Reached skill level 4 in Hexes
   248 | D:1      | Reached XP level 3. HP: 26/26 MP: 5/5
   254 | D:1      | Learned a level 3 spell: Inner Flame
   852 | D:2      | Reached XP level 4. HP: 30/33 MP: 6/6
   856 | D:2      | Reached skill level 1 in Fire Magic
   911 | D:2      | HP: 1/31 [poisoned by an adder]
   912 | D:2      | Succumbed to an adder's poison

Illustrated notes

Levels and vault maps discovered:
D:1:      minmay_arrival_cross, layout_basic, chequers_serial_rivers_room_a
D:2:      layout_basic

Skill      XL: |  1  2  3  4 |
---------------+-------------+-----
Hexes          | 4 |  4.3
Fire Magic     | 1 |  1.0
Fighting       | |  1.7
Ranged Weapons | |  2.7
Dodging        | |  1.7
Spellcasting   | |  1.5

Action                   |  1- 3 |  4- 6 || total
-------------------------+-------+-------++-------
 Fire: Sling             |   107 |    24 ||   131
 Cast: Slow              |     3 |     1 ||     4
 Abil: Dig               |       |     1 ||     1
  Use: Potion            |       |     1 ||     1
Armor: Robe              |    19 |     8 ||    27
Dodge: Dodged            |    36 |    18 ||    54

Table legend: (Time is in decaauts)
 A = Elapsed time spent in this place.
 B = Non-inter-level travel time spent in this place.
 C = Inter-level travel time spent in this place.
 D = Time resting spent in this place.
 E = Time spent auto-exploring this place.
 F = Levels seen in this place.
 G = Mean time per level.
                   A        B        C        D        E       F      G
               +--------+--------+--------+--------+--------+-----+--------+
         Total |    950 |    940 |     10 |     67 |    619 |   2 |  475.0 |
       Dungeon |    950 |    940 |     10 |     67 |    619 |   2 |  475.0 |
               +--------+--------+--------+--------+--------+-----+--------+

Top non-repeatable levels by time:
     D:1: 852 daAuts
     D:2: 97 daAuts
